 Dungeon Crawl Stone Soup version 0.30-a0-802-gb92711bcdf (webtiles) character file.

Game seed: 6118898660239287231

343 Pimp the Trooper (level 6, 0/84 HPs)
             Began as a Minotaur Fighter on Feb 24, 2023.
             Slain by a kobold brigand
             ... wielding a +2 dagger of venom
              (3 damage)
             ... on level 3 of the Dungeon.
             The game lasted 00:04:39 (2710 turns).

Pimp the Trooper (Minotaur Fighter)                 Turns: 2710, Time: 00:04:40

Health: 0/84       AC: 23    Str: 22    XL:     6   Next: 31%
Magic:  5/5        EV:  2    Int:  5    God:
Gold:   139        SH:  5    Dex: 10    Spells: 5/5 levels left

rFire   . . .      SeeInvis +    a - +0 war axe
rCold   . . .      Faith    .    c - +0 buckler
rNeg    . . .      Spirit   .    (body armour currently unavailable)
rPois   +          Reflect  .    (helmet currently unavailable)
rElec   .          Harm     .    (cloak currently unavailable)
rCorr   .          Rampage  .    (gloves currently unavailable)
Will    .....      NoTele   +    (boots currently unavailable)
Stlth   +                        (no amulet)
HPRegen 0.34/turn                x - ring "Omib" {Ice SInv}
MPRegen 0.09/turn                h - ring of fire

@: lethally poisoned (0 -> -22), tree-form
A: stationary, stasis, torment immunity, boosted hp, (horns 2), (retaliatory
headbutt)
a: no special abilities


You were on level 3 of the Dungeon.
You were a tree.
You visited 1 branch of the dungeon, and saw 3 of its levels.

You collected 139 gold pieces.

Inventory:

Hand Weapons
 a - a +0 war axe (weapon)
Missiles
 q - 4 boomerangs (quivered)
Armour
 b - a +0 scale mail
 c - a +0 buckler (worn)
 f - a scarf of invisibility (melded)
 i - a +0 chain mail (melded)
 n - a +0 pair of boots (melded)
Jewellery
 h - a ring of fire (right branch)
 u - a ring of ice
 v - a +6 ring of intelligence
 x - the ring "Omib" (left branch) {Ice SInv}
   (You found it on level 3 of the Dungeon)

   [ring of ice]

   It enhances your ice magic.
   rF:        It makes you vulnerable to fire.
   rC:        It protects you from cold.
   SInv:      It lets you see invisible.
Scrolls
 e - 7 scrolls of identify {unknown}
 g - a scroll of enchant weapon {unknown}
 k - a scroll of vulnerability {unknown}
 l - a scroll of torment {unknown}
 p - a scroll of amnesia {unknown}
 r - a scroll of brand weapon {unknown}
 s - a scroll of magic mapping {unknown}
 t - a scroll of summoning {unknown}
 w - a scroll of noise {unknown}
Potions
 d - a potion of might
 m - a potion of flight {unknown}
 o - a potion of invisibility {unknown}
 z - a potion of haste {unknown}


   Skills:
 + Level 5.3 Fighting
 + Level 4.4 Axes
 + Level 5.2 Armour
 + Level 5.3 Shields


You had 5 spell levels left.
You didn't know any spells.
Your spell library contained the following spells:

 Spells                   Type           Power      Damage    Failure   Level
 Beastly Appendage        Tmut           0%         N/A       56%         1
 Wereblood                Tmut           0%         N/A       71%         2
 Spider Form              Tmut/Pois      0%         N/A       90%         3


Dungeon Overview and Level Annotations

Branches:
Dungeon (3/15)

Altars:
Vehumet

Annotations:
D:3 exclusion: statue


Innate Abilities, Weirdness & Mutations

You are a tree.
Your roots penetrate the ground, keeping you stationary.
You cannot be teleported.
You are immune to unholy pain and torment.
Your maximum health is greatly increased.
Your equipment is partially melded.
((You have a pair of horns on your head.))
((You reflexively headbutt those who attack you in melee.))


Message History

You feel very sick. You block the kobold brigand's attack.
You barely miss the kobold brigand.
Your headbutt misses the kobold brigand.
The kobold brigand is heavily wounded.
You feel very sick.
The kobold brigand hits you with a +2 dagger of venom.
You slash the kobold brigand!
The kobold brigand is almost dead.
You feel sick. You block the kobold brigand's attack.
The kobold brigand hits you with a +2 dagger of venom.
You are more poisoned.
You hit the kobold brigand but do no damage.
The kobold brigand is almost dead.
You feel very sick.
The kobold brigand hits you but does no damage.
You are more poisoned.
You barely miss the kobold brigand.
Your headbutt misses the kobold brigand.
The kobold brigand is almost dead.
You feel very sick.
The kobold brigand hits you but does no damage.
You closely miss the kobold brigand.
Your headbutt misses the kobold brigand.
The kobold brigand is almost dead.
You feel very sick.
The kobold brigand drinks a potion.
The kobold brigand goes berserk!
The kobold brigand hits you with a +2 dagger of venom!
* * * LOW HITPOINT WARNING * * *
You are more poisoned.
Okay, then.
It was a potion of lignification.
You turn into a tree.
Your scarf of invisibility melds into your body.
Your +0 pair of boots melds into your body.
Your +0 chain mail melds into your body.
Your roots penetrate the ground.
* * * LOW HITPOINT WARNING * * *
You feel extremely sick.
The kobold brigand hits you with a +2 dagger of venom.
You die...

#.# #.#.# #.#####.# ###.###
#.#.# #....[... #.....#
#.#.# #######.. #.....#
#.#.# ### #.....# #.#.#
##### #.....# #.#.#
####~~~### #.....# #####.#
~~~~~~~~#
###.######...######~~≈≈~~~
### #..K♣....))###≈≈≈####
####......###)))....#####...
#..#(?..# #≈######.......)..
#.##### ≈≈≈ ###.....### #.#
#.# ~≈~≈ ######## #.# #.#
#~~~~~ #.# ##### #.# #.#
###### #.# #.<.# #.# #.# #.#
#.### #.# #.########### #.#
#.# #


You could see a kobold brigand (berserk).

Vanquished Creatures
  A black bear (D:2)
  A kobold brigand (D:3)
  Terence (D:2)
  3 gnolls
  5 adders
  2 dart slugs
  An orc (D:3)
  6 ball pythons
  10 bats
  3 endoplasms
  6 goblins
  8 hobgoblins
  19 kobolds
  2 quokkas
  4 frilled lizards
  3 rats
75 creatures vanquished.

Notes
Turn   | Place    | Note
-------+----------+-------------------------------------------
     0 | D:1      | Pimp the Minotaur Fighter began the quest for the Orb.
     0 | D:1      | Reached XP level 1. HP: 19/19 MP: 0/0
    86 | D:1      | Reached XP level 2. HP: 27/27 MP: 1/1
   131 | D:1      | Found a faded altar of an unknown god.
   441 | D:1      | Reached XP level 3. HP: 32/33 MP: 2/2
   868 | D:2      | Noticed Terence
   876 | D:2      | Killed Terence
   877 | D:2      | Reached XP level 4. HP: 20/41 MP: 3/3
  1463 | D:2      | Noticed a black bear
  1469 | D:2      | Killed a black bear
  1470 | D:2      | Reached XP level 5. HP: 36/47 MP: 4/4
  1885 | D:3      | Identified the ring "Omib" {Ice SInv}
  1925 | D:3      | Reached skill level 5 in Shields
  2186 | D:3      | Reached skill level 5 in Fighting
  2308 | D:3      | Reached skill level 5 in Armour
  2321 | D:3      | Found a radiant altar of Vehumet.
  2321 | D:3      | Noticed a frost-covered statue
  2649 | D:3      | Reached XP level 6. HP: 56/56 MP: 5/5
  2710 | D:3      | HP: 3/84 [poisoned by a kobold brigand]
  2710 | D:3      | Slain by a kobold brigand

Illustrated notes

Levels and vault maps discovered:
D:1:      wander_arrival_chamber, layout_loops_ring,
          nicolae_ecumenical_lake_church
D:2:      layout_loops_ring, minivault_19, uniq_terence
D:3:      cheibrodos_thug_alley, layout_loops_ring, vehumet_statue,
          kennysheep_generic_room_2

Skill      XL: |  1  2  3  4  5 |
---------------+----------------+-----
Fighting       | 4 5 |  5.3
Armour         | 4 5 |  5.2
Shields        | 4 5 |  5.3
Axes           | 3 4 |  4.4

Action                     |  1- 3 |  4- 6 || total
---------------------------+-------+-------++-------
  Melee: War axe           |    60 |   103 ||   163
         Headbutt          |     8 |    14 ||    22
    Use: Potion            |       |     1 ||     1
 Armour: Scale mail        |    16 |       ||    16
         Chain mail        |    13 |    72 ||    85
  Dodge: Dodged            |    25 |    49 ||    74
  Block: Buckler           |    17 |    36 ||    53

Table legend: (Time is in decaauts)
 A = Elapsed time spent in this place.
 B = Non-inter-level travel time spent in this place.
 C = Inter-level travel time spent in this place.
 D = Time resting spent in this place.
 E = Time spent auto-exploring this place.
 F = Levels seen in this place.
 G = Mean time per level.
                   A        B        C        D        E       F      G
               +--------+--------+--------+--------+--------+-----+--------+
         Total |   2769 |   2700 |     69 |    158 |   1905 |   3 |  923.0 |
       Dungeon |   2769 |   2700 |     69 |    158 |   1905 |   3 |  923.0 |
               +--------+--------+--------+--------+--------+-----+--------+

Top non-repeatable levels by time:
     D:3: 1016 daAuts
     D:2: 908 daAuts
     D:1: 845 daAuts
